 Dungeon Crawl Stone Soup version 0.26.0-16-gc1dbca0489 (webtiles) character file.

Game seed: 9817682870418591350

24 thiole the Magician (level 3, -9/21 HPs)
             Began as an Octopode Hedge Wizard on Jan 21, 2021.
             Killed by nerve-wracking pain
             ... invoked by an orc priest
              (14 damage)
             ... on level 3 of the Dungeon.
             The game lasted 00:01:24 (494 turns).

thiole the Magician (Octopode Hedge Wizard)          Turns: 494, Time: 00:01:25

Health: -9/21      AC:  1    Str:  9    XL:     3   Next: 2%
Magic:  7/7        EV: 13    Int: 17    God:
Gold:   55         SH:  0    Dex: 11    Spells: 7/8 levels left

rFire    . . .     SeeInvis .   a - +0 dagger
rCold    . . .     Faith    .   (no shield)
rNeg     . . .     Spirit   .   b - +0 hat
rPois    .         Reflect  .   (no amulet)
rElec    .         Harm     .   (no ring)
rCorr    .         Rampage  .   (no ring)
Will     .....                  (no ring)
Stlth    +++.......             (no ring)
HPRegen  0.07/turn              (no ring)
MPRegen  0.10/turn              (no ring)
                                (no ring)
                                (no ring)

@: no status effects
A: almost no armour, stealthy swim, amphibious, 8 rings, constrict 8, camouflage
1, gelatinous body 1
a: no special abilities


You were on level 3 of the Dungeon.
You visited 1 branch of the dungeon, and saw 3 of its levels.

You collected 55 gold pieces.

Inventory:

Hand Weapons
 a - a +0 dagger (weapon)
Armour
 b - a +0 hat (worn)
Scrolls
 d - a scroll of remove curse
Potions
 c - a potion of might {unknown}
 e - a potion of heal wounds {unknown}


   Skills:
 - Level 2.0 Dodging
 + Level 3.1 Stealth
 + Level 3.1 Spellcasting
 * Level 1.7 Conjurations
 * Level 1.8 Summonings
 - Level 1.0 Translocations


You had 7 spell levels left.
You knew the following spells:

 Your Spells              Type           Power        Failure   Level
a - Magic Dart            Conj           32%          9%          1

Your spell library contained the following spells:

 Spells                   Type           Power        Failure   Level
 Call Imp                 Summ           8%           12%         2
 Blink                    Tloc           N/A          17%         2
 Slow                     Hex            2%           26%         2
 Conjure Flame            Conj/Fire      5%           34%         3
 Mephitic Cloud           Conj/Pois/Air  4%           38%         3


Dungeon Overview and Level Annotations

Branches:
Dungeon (3/15)

Altars:
Qazlal


Innate Abilities, Weirdness & Mutations

You cannot wear most types of armour.
You are very stealthy in the water. (Stealth+)
You are amphibious.
You can wear up to eight rings at the same time.
You can use your tentacles to constrict eight enemies at once.
Your skin changes colour to match your surroundings (Stealth+).
Your rubbery body absorbs attacks. (AC +1, EV +1)


Message History

The orc shouts!
You hear a shout!
Found 20 stones and a runed whip.
As you read the scroll labelled SOT RAIPTOACAE, it crumbles to dust.
You feel blessed for a moment.
It was a scroll of remove curse.
The kobold throws a stone.
The stone closely misses you.
The goblin unwields a +0 dagger.
The goblin wields a +0 hunting sling.
The goblin shoots a stone.
The stone barely misses you.
As you read the scroll labelled XAWIUXKA CESY, it crumbles to dust.
It is a scroll of amnesia.
Okay, then.
The kobold throws a stone.
The stone barely misses you.
A hobgoblin comes into view.
The orc hits you with a +0 war axe.
The goblin shoots a stone.
The stone hits you!
* * * LOW HITPOINT WARNING * * *
You see here a stone.
The orc priest calls down the wrath of Beogh upon you.
Pain shoots through your body!
Ouch! That really hurt!
You die...

###########
##.....#....
##...........
#......o.....
#(..og....g..
#.......o....
#..o(K.......
#....@....(..
#......).....
##...........
##.....#....
####### ###


You could see an orc priest, 3 orcs, a hobgoblin (wandering), a goblin and a
kobold.

Vanquished Creatures
  2 adders (D:2)
  2 goblins
  2 hobgoblins
  A kobold (D:1)
7 creatures vanquished.

Notes
Turn   | Place    | Note
-------+----------+-------------------------------------------
     0 | D:1      | thiole the Octopode Hedge Wizard began the quest for the
                  | Orb.
     0 | D:1      | Reached XP level 1. HP: 11/11 MP: 4/4
   268 | D:2      | Found a stormy altar of Qazlal.
   300 | D:2      | Reached XP level 2. HP: 9/17 MP: 1/6
   480 | D:2      | Reached XP level 3. HP: 16/21 MP: 7/7
   494 | D:3      | Killed from afar by an orc priest

Illustrated notes

Levels and vault maps discovered:
D:1:      nagdon_arrival_zigzag_paths, layout_rooms, minmay_3d_cube
D:2:      layout_loops_corners, nicolae_qazlal_general_emergency
D:3:      layout_rooms, uniq_ijyb

Skill      XL: |  1 |
---------------+----+-----
Stealth        | 3 |  3.1
Dodging        | |  2.0
Spellcasting   | |  3.1
Conjurations   | |  1.7
Summonings     | |  1.8
Translocations | |  1.0

Action                   || total
-------------------------++-------
Melee: Dagger            ||    17
       Constrict         ||     6
       Tentacles         ||     5
 Cast: Magic Dart        ||    10
  Use: Scroll            ||     2
Armor: Skin              ||     1
Dodge: Dodged            ||    15
